 Dungeon Crawl Stone Soup version 0.31-a0-1589-g8f5e8aebd6 (webtiles) character file.

Game seed: 2346595399621936522

20 bjtr the Conjurer (level 2, 0/15 HPs)
             Began as a Vine Stalker Reaver on Jan 6, 2024.
             Slain by a goblin
             ... wielding a +0 dagger
             ... led by Robin
              (4 damage)
             ... on level 2 of the Dungeon.
             The game lasted 00:04:26 (726 turns).

bjtr the Conjurer (Vine Stalker Reaver)              Turns: 726, Time: 00:04:26

Health: 0/15       AC:  3    Str: 14    XL:     2   Next: 79%
Magic:  0/6        EV: 11    Int: 13    God:
Gold:   107        SH:  0    Dex: 12    Spells: 4/5 levels left

rFire   . . .        g - +0 rapier
rCold   . . .        (no shield)
rNeg    . . .        b - +0 leather armour
rPois   .            (no helmet)
rElec   .            (no cloak)
rCorr   .            (no gloves)
SInv    .            (no boots)
Will    .....        d - amulet of regeneration
Stlth   +            i - ring of flight
HPRegen 1.82/turn    (no ring)
MPRegen 0.10/turn

%: guardian spirit
@: flying
A: fangs 2, regeneration 1, magic shield, antimagic bite, no potion heal 2
a: no special abilities


You were on level 2 of the Dungeon.
You visited 1 branch of the dungeon, and saw 2 of its levels.

You collected 107 gold pieces.

Inventory:

Hand Weapons
 a - a +0 short sword
 g - a +0 rapier (weapon)
Armour
 b - a +0 leather armour (worn)
Jewellery
 d - an amulet of regeneration (around neck)
 i - a ring of flight (left hand)
Potions
 c - a potion of attraction {unknown}
 f - 3 potions of might {unknown}
 h - a potion of curing {unknown}
 k - a potion of mutation {unknown}
 l - a potion of degeneration {unknown}


   Skills:
 + Level 1.8 Fighting
 + Level 3.1 Short Blades
 + Level 0.3 Armour
 + Level 1.6 Dodging
 + Level 2.2 Spellcasting
 + Level 3.3 Conjurations


You had 4 spell levels left.
You knew the following spells:

 Your Spells              Type           Power      Damage    Failure   Level
a - Kiss of Death         Conj/Necr      20%        2d7       16%         1

Your spell library contained the following spells:

 Spells                   Type           Power      Damage    Failure   Level
 Momentum Strike          Conj/Tloc      10%        3d8       24%         2
 Hailstorm                Conj/Ice       5%         3d5       43%         3


Dungeon Overview and Level Annotations

Branches:
Dungeon (2/15)

Altars:

Shops:
D:1 *

Annotations:
D:2 Robin


Innate Abilities, Weirdness & Mutations

You have extremely sharp teeth.
Your natural rate of healing is unusually fast.
When hurt, damage is shared between your health and your magic reserves.
Your bite disrupts and absorbs the magic of your enemies.
Potions cannot restore your health.


Message History

The goblin barely misses you. The goblin hits you with a +0 club.
The goblin barely misses you.
You hit the goblin.
The goblin is moderately wounded.
A goblin comes into view. It is wielding a +0 spear.
The goblin hits you but does no damage. The goblin barely misses you.
The goblin hits you with a +0 club. The goblin barely misses you.
You barely miss the goblin.
The goblin is moderately wounded.
The goblin misses you. The goblin hits you with a +0 dagger.
The goblin closely misses you. The goblin hits you with a +0 dagger.
You closely miss the goblin. You bite the goblin. You drain its power.
You feel invigorated.
The goblin is severely wounded.
Robin roars a battlecry!
The goblins go into a battle-frenzy!
The goblin hits you but does no damage. The goblin hits you with a +0 dagger.
The goblin misses you. The goblin hits you with a +0 dagger.
You hear a shout!
You closely miss the goblin.
The goblin is severely wounded.
The goblin barely misses you. The goblin hits you with a +0 dagger.
The goblin hits you with a +0 club. The goblin hits you with a +0 dagger.
Unknown command.
As you read the scroll labelled GACUEL VORIUC, it dissolves into smoke.
It was a scroll of fog.
The goblin closely misses you. x2
The goblin hits you with a +0 club. The goblin hits you with a +0 dagger.
* * * LOW HITPOINT WARNING * * *
Unknown command.
Blink to where?
Press: ? - help, Dir - move target You can't see that place. [the floor.] Blink to where?
Press: ? - help, Dir - move target, f - you Blink to where?
Press: ? - help, Dir - move target
As you read the scroll labelled AXYUMU URRIOSH, it crumbles to dust.
It was a scroll of blinking.
The goblin hits you with a +0 dagger.
You die... ... g.g

.g ## #g .# ####
#g#g#....#
#gg§g....+ #g# #g#
#@## #### #.§###
#... ##...# #...
####'##### #...
#........# #...
#........# #...
#........## #...
#.........# #...
#.........########


You could see 2 goblins.

Vanquished Creatures
  2 ball pythons (D:1)
  2 bats
  An endoplasm (D:1)
  4 goblins
  A hobgoblin (D:1)
  2 jackals (D:1)
  3 frilled lizards
  A kobold (D:1)
  3 rats
19 creatures vanquished.

Notes
Turn   | Place    | Note
-------+----------+-------------------------------------------
     0 | D:1      | bjtr the Vine Stalker Reaver began the quest for the Orb.
     0 | D:1      | Reached XP level 1. HP: 11/11 MP: 4/4
   129 | D:1      | Reached XP level 2. HP: 14/15 MP: 3/6
   346 | D:1      | Found Wellacha's Assorted Antiques.
   713 | D:2      | Noticed Robin
   726 | D:2      | Slain by a goblin

Illustrated notes

Levels and vault maps discovered:
D:1:      giann_bridges, layout_rooms, serial_shops, shop
D:2:      layout_basic, uniq_robin, uniq_crazy_yiuf_cottage

Skill      XL: |  1  2 |
---------------+-------+-----
Short Blades   | 3 |  3.1
Fighting       | |  1.8
Armour         | |  0.3
Dodging        | |  1.6
Spellcasting   | |  2.2
Conjurations   | |  3.3

Action                     || total
---------------------------++-------
  Melee: Short sword       ||    44
         Bite              ||    13
         Punch             ||     1
         Rapier            ||    18
    Use: Scroll            ||     2
 Armour: Leather armour    ||    56
  Dodge: Dodged            ||    46

Table legend: (Time is in decaauts)
 A = Elapsed time spent in this place.
 B = Non-inter-level travel time spent in this place.
 C = Inter-level travel time spent in this place.
 D = Time resting spent in this place.
 E = Time spent auto-exploring this place.
 F = Levels seen in this place.
 G = Mean time per level.
                   A        B        C        D        E       F      G
               +--------+--------+--------+--------+--------+-----+--------+
         Total |    719 |    664 |     55 |     14 |    463 |   2 |  359.5 |
       Dungeon |    719 |    664 |     55 |     14 |    463 |   2 |  359.5 |
               +--------+--------+--------+--------+--------+-----+--------+

Top non-repeatable levels by time:
     D:1: 473 daAuts
     D:2: 245 daAuts
